Map: Port Aleksander LE

Players

zuka - Winner!

  • Race: Protoss Protoss
  • League: Diamond
  • Spawn Location: 11:00

HORIZON

  • Race: Zerg Zerg
  • League: Master
  • Spawn Location: 5:00

VOD

Have the link to the VOD?

Description

Time

  • Played on: March 30, 2019, 5:48 p.m.
  • Length: 12:14
Show
View Real Time Build Order
Export as new Build Order

zuka Protoss - Winner!

Build Orders: Carriers 

Get SALT Encoding   

  12  0:01  Probe  
  13  0:13  Probe  
  14  0:20  Pylon  
  14  0:22  Probe  
  15  0:34  Probe  
  15  0:41  Gateway  
  16  0:46  Probe  
  17  0:50  Assimilator  
  17  0:58  Probe  
  18  1:08  Probe  
  18  1:09  Forge  
  19  1:16  Probe  
  20  1:25  Pylon  
  20  1:28  Probe  
  21  1:36  Pylon  
  21  1:45  Photon Cannon  
  21  1:46  Pylon  
  21  1:50  Photon Cannon  
  21  2:01  Pylon  
  21  2:03  Pylon  
  21  2:07  Photon Cannon  
  21  2:15  Photon Cannon  
  21  2:18  Probe  
  22  2:34  Cybernetics Core  
  22  2:37  Photon Cannon  
  22  2:49  Probe  
  23  3:00  Nexus  
  23  3:12  Probe  
  24  3:17  Stalker  
  26  3:23  Assimilator  
  26  3:24  Probe  
  27  3:36  Probe  
  27  3:39  Stargate  
  28  3:48  Probe  
  28  3:51  Warp Gate  
  29  3:55  Stalker  
  29  3:59  Pylon  
  31  4:06  Pylon  
  31  4:11  Probe  
  31  4:12  Probe  
  31  4:13  Oracle  
  33  4:23  Probe  
  37  4:25  Probe  
  38  4:36  Probe  
  38  4:37  Probe  
  40  4:41  Assimilator  
  40  4:43  Assimilator, Void Ray  
  40  4:48  Probe  
  40  4:49  Probe  
  46  5:00  Probe  
  46  5:03  Probe  
  46  5:05  Pylon  
  48  5:12  Probe  
  49  5:15  Probe  
  50  5:24  Probe  
  50  5:27  Probe  
  52  5:33  Fleet Beacon  
  52  5:36  Probe  
  52  5:39  Probe  
  54  5:48  Probe  
  55  5:52  Probe  
  56  5:58  Nexus  
  56  6:00  Probe  
  56  6:02  Pylon x2  
  57  6:11  Probe  
  57  6:12  Probe  
  57  6:14  Mothership  
  59  6:19  Carrier  
  59  6:22  Protoss Air Weapons Level 1  
  59  6:24  Probe  
  74  6:37  Probe  
  75  6:47  Stargate  
  75  6:49  Probe  
  76  6:56  Pylon  
  76  6:57  Zealot  
  78  7:04  Assimilator  
  78  7:10  Probe  
  79  7:16  Probe, Carrier, Forge  
  79  7:22  Probe  
  81  7:25  Carrier  
  81  7:28  Probe  
  88  7:34  Probe  
  95  7:41  Probe  
  96  7:44  Assimilator  
  96  7:46  Probe  
  96  7:49  Stargate  
  96  7:50  Pylon  
  97  7:51  Pylon  
  97  7:53  Probe  
  98  7:58  Probe  
  98  8:04  Pylon  
  98  8:05  Probe  
  100  8:08  Probe  
  100  8:10  Probe  
  102  8:16  Carrier  
  102  8:17  Probe  
  103  8:23  Probe x2  
  103  8:25  Pylon, Carrier  
  103  8:27  Protoss Air Weapons Level 2  
  111  8:36  Probe  
  111  8:37  Probe  
  111  8:40  Probe  
  120  8:44  Pylon  
  120  8:47  Void Ray  
  124  8:54  Photon Cannon  
  124  9:14  Void Ray  
  128  9:25  Zealot  
  128  9:28  Void Ray  
  128  9:30  Void Ray  
  131  9:57  Void Ray  
  131  9:58  Probe  
  136  10:04  Robotics Facility  
  136  10:08  Gateway  
  136  10:09  Gateway  
  136  10:11  Pylon  
  136  10:13  Twilight Council  
  136  10:14  Pylon  
  136  10:22  Nexus  
  136  10:26  Assimilator  
  136  10:27  Forge  
  138  10:28  Pylon, Carrier  
  138  10:29  Assimilator, Carrier  
  138  10:31  Stalker  
  138  10:32  Pylon  
  137  10:53  Pylon  
  137  10:55  Pylon  
  137  10:56  Zealot  
  139  11:05  Zealot x2  
  139  11:07  Photon Cannon  
  139  11:08  Pylon  
  149  11:18  Probe x3  
  151  11:30  Probe x3  
  160  11:42  Probe x3  
  168  11:49  Observer  
  168  11:54  Templar Archives  
  168  12:00  Probe  
  169  12:03  Cybernetics Core  
  169  12:08  Pylon  
Show
View Real Time Build Order
Export as new Build Order

HORIZON Zerg 

Build Orders: Hatch First 

Get SALT Encoding   

  12  0:00  Drone  
  13  0:13  Overlord  
  13  0:18  Drone  
  14  0:32  Drone x2  
  16  0:51  Hatchery  
  16  0:55  Drone  
  16  0:58  Drone  
  16  1:01  Drone  
  18  1:11  Extractor  
  18  1:18  Spawning Pool  
  16  1:21  Drone  
  17  1:26  Drone  
  17  1:32  Drone  
  19  1:43  Drone  
  20  2:05  Zergling x2  
  20  2:06  Zergling x4  
  20  2:08  Spine Crawler  
  22  2:12  Zergling x2  
  23  2:22  Zergling x2  
  23  2:29  Zergling x2  
  22  2:31  Zergling x2  
  22  2:35  Zergling x2  
  22  2:38  Zergling x2  
  23  2:49  Zergling x4  
  25  2:55  Zergling x2  
  25  2:58  Zergling x2  
  27  3:06  Zergling x2  
  27  3:11  Drone  
  26  3:20  Drone  
  27  3:29  Overlord  
  27  3:35  Hatchery  
  27  3:36  Drone  
  27  3:42  Overlord  
  27  3:53  Drone  
  28  4:03  Drone  
  28  4:04  Drone x4  
  28  4:06  Queen  
  35  4:15  Drone  
  36  4:19  Overlord  
  36  4:22  Extractor  
  35  4:24  Drone  
  35  4:25  Extractor  
  35  4:29  Drone  
  35  4:31  Spore Crawler  
  35  4:37  Queen  
  35  4:38  Drone x2  
  42  4:46  Drone  
  42  4:48  Drone x2, Queen  
  47  5:07  Drone x3  
  47  5:09  Overlord  
  47  5:12  Overlord  
  50  5:14  Spore Crawler  
  50  5:15  Queen  
  50  5:17  Drone  
  50  5:18  Drone  
  49  5:27  Drone  
  49  5:28  Drone x4  
  53  5:31  Spore Crawler  
  53  5:32  Drone x2  
  54  5:37  Lair  
  54  5:40  Drone  
  54  5:44  Spore Crawler  
  54  5:46  Drone x2  
  55  5:54  Drone  
  55  5:55  Drone x2  
  58  6:15  Overlord x2  
  58  6:28  Overlord  
  58  6:34  Drone x7  
  58  6:35  Drone x2  
  58  6:36  Drone x4  
  58  6:37  Drone x2  
  58  6:38  Drone  
  58  6:39  Overlord  
  74  6:44  Extractor  
  74  6:45  Hydralisk Den, Drone  
  72  6:49  Drone x3  
  74  6:57  Drone  
  74  6:58  Extractor  
  74  6:59  Overseer  
  74  7:01  Drone x2, Extractor  
  76  7:02  Extractor  
  76  7:04  Drone x5  
  76  7:05  Queen x2  
  76  7:06  Zergling x2  
  76  7:07  Queen  
  86  7:08  Overlord  
  86  7:09  Drone x2  
  86  7:10  Drone  
  89  7:16  Extractor  
  89  7:20  Overlord, Muscular Augments  
  88  7:29  Hydralisk  
  88  7:30  Hydralisk  
  88  7:35  Overlord  
  92  7:40  Overlord  
  92  7:41  Hydralisk x3  
  98  7:48  Hatchery  
  98  7:49  Overlord x2  
  98  7:51  Drone x2  
  99  7:56  Drone  
  99  7:57  Hydralisk x4  
  108  8:01  Zergling x2  
  108  8:04  Drone x3  
  112  8:05  Evolution Chamber  
  112  8:06  Hydralisk  
  112  8:07  Baneling Nest  
  112  8:10  Hydralisk  
  114  8:22  Overlord, Hydralisk  
  114  8:24  Overlord  
  114  8:25  Hydralisk  
  114  8:26  Zergling x2  
  114  8:27  Zergling x6  
  122  8:30  Zergling x2  
  122  8:31  Zerg Melee Weapons Level 1, Grooved Spines  
  123  8:35  Hydralisk  
  125  8:45  Drone  
  126  8:49  Hydralisk x7  
  126  8:54  Drone  
  126  8:55  Hydralisk x2  
  145  8:58  Hydralisk  
  145  9:00  Hydralisk  
  145  9:01  Extractor  
  148  9:07  Zergling x2  
  148  9:09  Metabolic Boost  
  149  9:11  Overlord, Zergling x4  
  151  9:21  Zergling x6  
  154  9:31  Zergling x10  
  154  9:34  Hydralisk  
  154  9:36  Hydralisk x2  
  159  9:41  Hydralisk  
  159  9:42  Overseer x2  
  159  9:43  Overlord  
  155  9:46  Zergling x2  
  155  9:49  Hydralisk x2  
  155  9:52  Overlord  
  154  9:54  Hydralisk x4  
  154  9:59  Baneling x11  
  157  10:00  Zergling x2  
  157  10:01  Zergling x6  
  157  10:03  Hydralisk  
  157  10:04  Hydralisk  
  157  10:05  Overlord  
  157  10:06  Hydralisk  
  163  10:12  Zergling x4  
  165  10:19  Drone x2  
  167  10:23  Overlord x2, Evolution Chamber  
  166  10:29  Zergling x16  
  135  10:45  Hydralisk  
  135  10:49  Spire  
  103  11:01  Drone  
  103  11:02  Drone x10  
  106  11:04  Extractor  
  104  11:13  Infestation Pit  
  99  11:20  Drone  
  99  11:21  Overlord  
  99  11:24  Drone x3  
  99  11:25  Drone x4  
  107  11:28  Spore Crawler x2  
  107  11:29  Spore Crawler  
  104  11:35  Overlord  
  104  12:07  Spore Crawler x2  
  128  12:09  Spore Crawler x2  
  128  12:10  Hatchery  
Tags
 
Composition
Carriers
Matchup
PvZ
Spawn Locations
Cross Positions
Add a new tag
Caveats
  • Supply blocks, unpowered buildings, or Contaminate may cause inaccurate times.
  • Supply counts are checked every 10 seconds.